 Dungeon Crawl Stone Soup version 0.31-a0-656-gb4d89c20fa (webtiles) character file.

Game seed: 12358075701652325431

599 heikuro the Shield-Bearer (level 7, -7/55 HPs)
             Began as a Formicid Fighter on Aug 31, 2023.
             Was an Initiate of Okawaru.
             Killed from afar by a steam dragon (23 damage)
             ... with a ball of steam
             ... on level 6 of the Dungeon.
             The game lasted 00:08:34 (3995 turns).

heikuro the Shield-Bearer (Formicid Fighter)        Turns: 3995, Time: 00:08:35

Health: -7/55      AC: 11    Str: 22    XL:     7   Next: 68%
Magic:  8/8        EV: 10    Int:  8    God:    Okawaru [......]
Gold:   246        SH:  5    Dex: 13    Spells: 6/6 levels left

rFire   . . .        a - +0 war axe
rCold   + + +        c - +0 buckler
rNeg    . . .        p - +3 ring mail "Hoineaf" {rC++}
rPois   .            (helmet unavailable)
rElec   .            (no cloak)
rCorr   .            q - +0 pair of gloves
SInv    +            k - +0 pair of boots
Will    .....        (no amulet)
Stlth   +            l - ring of protection from cold
HPRegen 0.29/turn    (no ring)
MPRegen 0.11/turn

%: no passive effects
@: no status effects
A: permanent stasis, dig shafts and tunnels, antennae 3, four strong arms
a: Dig, Shaft Self, Renounce Religion


You were on level 6 of the Dungeon.
You worshipped Okawaru.
Okawaru was noncommittal.
You visited 1 branch of the dungeon, and saw 6 of its levels.

You collected 246 gold pieces.

Inventory:

Hand Weapons
 a - a +0 war axe (weapon)
Missiles
 b - 3 poisoned darts (quivered)
 h - 4 boomerangs
Armour
 c - a +0 buckler (worn)
 k - a +0 pair of boots (worn)
 p - the +3 ring mail "Hoineaf" (worn) {rC++}
   (You found it on level 2 of the Dungeon)

   rC++:      It greatly protects you from cold.
 q - a +0 pair of gloves (worn)
Jewellery
 l - a ring of protection from cold (left hand)
 m - a ring of fire
Scrolls
 n - a scroll of enchant armour {unknown}
 o - a scroll of teleportation {unknown}
 r - a scroll of acquirement {unknown}
 s - 2 scrolls of fear {unknown}
 t - 2 scrolls of identify {unknown}
 v - a scroll of brand weapon {unknown}
Potions
 d - a potion of might
 e - 2 potions of brilliance {unknown}
 f - 2 potions of curing {unknown}
 g - 2 potions of heal wounds {unknown}
 i - a potion of haste {unknown}
 j - 2 potions of attraction {unknown}
 u - a potion of degeneration {unknown}


   Skills:
 + Level 4.8 Fighting
 * Level 5.0 Axes
 + Level 4.8 Armour
 + Level 5.8 Shields
 + Level 2.4 Invocations


You had 6 spell levels left.
You didn't know any spells.
Your spell library was empty.

Dungeon Overview and Level Annotations

Branches:
Dungeon (6/15)
 Temple: D:4-7

Altars:
Okawaru

Shops:
D:1 [   D:2 [   D:3 !   D:4 *

Annotations:
D:4 3 runed translucent doors, niangp's ghost, amateur MiBe


Innate Abilities, Weirdness & Mutations

You cannot be hasted, slowed, berserked, paralysed or teleported.
You can dig through walls and to a lower floor.
You have a pair of large antennae on your head. (SInv)
Your four strong arms can wield two-handed weapons with a shield.


Message History

You hear an angry hiss.
You barely miss the steam dragon. You closely miss the steam dragon.
You miss the ufetubus.
You are engulfed in a cloud of scalding steam.
The ufetubus hits you.
The ufetubus hits you but does no damage.
The steam dragon barely misses you. The steam dragon closely misses you.
The steam dragon bites you but does no damage.
The steam dragon claws you but does no damage.
The ufetubus barely misses you. You block the ufetubus's attack.
You slash the steam dragon!
The steam dragon is moderately wounded.
You barely miss the steam dragon. You slash the ufetubus!
You kill the ufetubus!
Okawaru accepts your kill.
You are engulfed in a cloud of scalding steam.
The steam dragon misses you. You block the steam dragon's attack.
The steam dragon barely misses you.
The steam dragon claws you but does no damage.
An orc wizard comes into view. It is wielding a +0 dagger.
The steam dragon breathes steam at you. The ball of steam hits you!!
You block the steam dragon's attack.
The steam dragon claws you but does no damage.
You hear a shout!
You are too injured to fight recklessly!
You are too injured to fight recklessly!
Unknown command.
You completely miss the steam dragon. You closely miss the steam dragon.
You are engulfed in a cloud of scalding steam.
You block the steam dragon's attack.
The steam dragon claws you but does no damage.
The steam dragon bites you.
* * * LOW HITPOINT WARNING * * *
The steam dragon claws you but does no damage.
You slash the steam dragon!
The steam dragon is moderately wounded.
You hit the steam dragon but do no damage.
The steam dragon breathes steam at you. The ball of steam hits you!!
You die...

......# ..^...#
........## <)....####
.......... ###..##..#
#.#.#.#.#. ###...#..#
#.........
.(.......######.#.#.#.#.
#####........##.......o.
#........§#.#D#.#.#.
#..)##.#.§.§@D......
#.#.##.#)§§.#§#.#.#.
#..####.####.........
#### #.. .........# ##.
..>######.. ..#### # ..
..


You could see 2 steam dragons and an orc wizard.

Vanquished Creatures
  A water moccasin (D:5)
  An ice beast (D:6)
  An ogre (D:6)
  A hound (D:5)
  A sleepcap (D:4)
  An iguana (D:4)
  Terence (D:3)
  2 orc wizards
  5 adders
  A shadow imp (D:5)
  2 ufetubi
  A worm (D:5)
  2 dart slugs (D:1)
  8 orcs
  7 endoplasms
  2 giant cockroaches (D:1)
  5 goblins
  7 hobgoblins
  3 jackals (D:1)
  14 kobolds
  5 quokkas
  5 ball pythons
  7 bats
  5 frilled lizards
  4 rats
92 creatures vanquished.

Notes
Turn   | Place    | Note
-------+----------+-------------------------------------------
     0 | D:1      | heikuro the Formicid Fighter began the quest for the Orb.
     0 | D:1      | Reached XP level 1. HP: 18/18 MP: 1/1
   168 | D:1      | Reached XP level 2. HP: 24/24 MP: 2/2
   410 | D:1      | Reached XP level 3. HP: 29/29 MP: 3/3
   622 | D:1      | Found Pilyust's Armour Shop.
  1070 | D:2      | Found Fakoir's Antique Armour Shoppe.
  1085 | D:2      | Reached XP level 4. HP: 37/37 MP: 4/4
  1522 | D:2      | Identified the +3 ring mail "Hoineaf" {rC++}
  1800 | D:3      | Reached XP level 5. HP: 26/42 MP: 5/5
  1951 | D:3      | Noticed Terence
  1957 | D:3      | Killed Terence
  2286 | D:3      | Found Joal's Distillery.
  2384 | D:4      | Reached skill level 5 in Shields
  2402 | D:4      | Found an iron altar of Okawaru.
  2412 | D:4      | Became a worshipper of Warmaster Okawaru
  2492 | D:4      | Reached XP level 6. HP: 21/48 MP: 6/6
  2787 | D:4      | Found Zeosihume's Mass Market.
  2868 | D:4      | Found a runed translucent gate.
  2868 | D:4      | Found a runed translucent gate.
  2868 | D:4      | Found a runed translucent gate.
  2869 | D:4      | Noticed niangp's ghost (amateur MiBe)
  3026 | D:4      | Reached skill level 1 in Invocations
  3240 | D:5      | Entered Level 5 of the Dungeon
  3396 | D:5      | Noticed a water moccasin
  3413 | D:5      | Killed a water moccasin
  3414 | D:5      | Reached XP level 7. HP: 18/55 MP: 6/8
  3862 | D:6      | Reached skill level 5 in Axes
  3986 | D:6      | Noticed a steam dragon
  3987 | D:6      | Noticed a steam dragon
  3995 | D:6      | Killed from afar by a steam dragon

Illustrated notes

Levels and vault maps discovered:
D:1:      mainiacjoe_arrival_reflecting_pool, layout_loops_ring, serial_shops,
          shop, wad_floor_pattern_2
D:2:      layout_loops_cross, serial_shops, nicolae_square_shop
D:3:      layout_basic, serial_shops, shop_fountains, uniq_terence
D:4:      layout_loops_ring, okawaru_gym_becter, gammafunk_ghost_necromancy,
          minmay_shop_mass
D:5:      layout_rooms
D:6:      layout_rooms, led_sif_pool, glass_columns_c, glass_columns_a,
          chequers_serial_rivers_small_3

Skill      XL: |  1  2  3  4  5  6  7 |
---------------+----------------------+-----
Axes           | 3 4 5 |  5.0
Armour         | 4 |  4.8
Fighting       | 4 |  4.8
Shields        | 5 |  5.8
Invocations    | 1 2 |  2.4

Action                     |  1- 3 |  4- 6 |  7- 9 || total
---------------------------+-------+-------+-------++-------
  Melee: War axe           |    92 |   154 |    31 ||   277
  Throw: Dart              |       |     3 |     3 ||     6
    Use: Scroll            |       |     1 |       ||     1
 Armour: Scale mail        |    37 |     6 |       ||    43
         Ring mail         |       |    89 |    25 ||   114
  Dodge: Dodged            |    53 |   100 |    11 ||   164
  Block: Buckler           |    24 |    25 |    13 ||    62

Table legend: (Time is in decaauts)
 A = Elapsed time spent in this place.
 B = Non-inter-level travel time spent in this place.
 C = Inter-level travel time spent in this place.
 D = Time resting spent in this place.
 E = Time spent auto-exploring this place.
 F = Levels seen in this place.
 G = Mean time per level.
                   A        B        C        D        E       F      G
               +--------+--------+--------+--------+--------+-----+--------+
         Total |   4093 |   3901 |    192 |    239 |   2636 |   6 |  682.2 |
       Dungeon |   4093 |   3901 |    192 |    239 |   2636 |   6 |  682.2 |
               +--------+--------+--------+--------+--------+-----+--------+

Top non-repeatable levels by time:
     D:1: 941 daAuts
     D:3: 867 daAuts
     D:4: 864 daAuts
     D:2: 648 daAuts
     D:5: 614 daAuts
     D:6: 157 daAuts
